 Dungeon Crawl Stone Soup version 0.23.0 (webtiles) character file.

Game seed: 12060084119342065858

159 poirepourri the Chopper (level 5, 0/46 HPs)
             Began as a Deep Dwarf Fighter on Feb 15, 2019.
             Slain by an ice beast (2 damage)
             ... on level 3 of the Dungeon.
             The game lasted 00:01:35 (1664 turns).

poirepourri the Chopper (Deep Dwarf Fighter)        Turns: 1664, Time: 00:01:35

Health: 0/46       AC:  6    Str: 19    XL:     5   Next: 17%
Magic:  4/4        EV:  1    Int:  9    God:
Gold:   94         SH:  9    Dex: 13    Spells: 4/4 levels left

rFire    . . .     SeeInvis .   a - +1 war axe
rCold    . . .     Gourm    .   c - +0 shield
rNeg     . . .     Faith    .   b - +0 scale mail
rPois    .         Spirit   .   (no helmet)
rElec    .         Reflect  .   (no cloak)
rCorr    .         Harm     .   (no gloves)
MR       .....                  (no boots)
Stlth    +.........             (no amulet)
HPRegen  0.00/turn              e - ring of stealth
MPRegen  0.09/turn              i - -6 ring of evasion (curse)

@: non-regenerating
A: damage resistance, heal wounds, sense surroundings 1, no regeneration
a: Heal Wounds


You were on level 3 of the Dungeon.
You were not hungry.

You visited 1 branch of the dungeon, and saw 3 of its levels.

You collected 94 gold pieces.

Inventory:

Hand Weapons
 a - a +1 war axe (weapon)
Missiles
 j - 8 bolts
Armour
 b - a +0 scale mail (worn)
 c - a +0 shield (worn)
Jewellery
 e - a ring of stealth (left hand)
 i - a cursed -6 ring of evasion (right hand)
Potions
 d - a potion of agility {unknown}
 g - a potion of heal wounds {unknown}
 h - a potion of invisibility
 k - a potion of haste {unknown}
Comestibles
 f - 4 rations


   Skills:
 - Level 2.6 Fighting
 + Level 6.0 Axes
 - Level 3.2 Armour
 - Level 3.2 Shields


You had 4 spell levels left.
You didn't know any spells.
Your spell library was empty.

Dungeon Overview and Level Annotations

Branches:
Dungeon (3/15)

Altars:


Innate Abilities, Weirdness & Mutations

You are resistant to damage.
You can heal yourself by infusing magical energy.
You passively map a small area around you.
You do not regenerate.


Message History

There are monsters nearby!
There are monsters nearby!
You are too injured to fight recklessly!
You slash the worm!
The worm is heavily wounded.
You hit the ice beast but do no damage. The ice beast hits you.
The ice beast freezes you.
* * * LOW HITPOINT WARNING * * *
The worm bites you!
* * * LOW HITPOINT WARNING * * *
You barely miss the worm.
The worm is heavily wounded.
You slash the ice beast! You block the ice beast's attack. The worm bites you.
* * * LOW HITPOINT WARNING * * *
Unknown command.
You hit the worm.
The worm is heavily wounded.
Your shield and scale mail prevent you from hitting the ice beast.
The ice beast hits you.
You die...

#.#.# # #.# ###.#.# .
..# #...#.# # #.#
#...#.# ########## # #.#
#...#.# #.........* #
#.###...#.###......... *
* #
#.#...................
###.#.###...............
.....†..........@w......
..#.#)#.#........Y......
#.#.#...................
#.#.###.#.......#######.
#...# #.#.......# ##..#
#.#.......# ##..#
#.######### ...# #.# ,
*, *


You could see an ice beast and a worm.

Vanquished Creatures
  An orc wizard (D:3)
  7 gnolls
  An ooze (D:2)
  2 worms
  A dart slug (D:1)
  9 orcs (D:3)
  3 giant cockroaches
  4 goblins
  2 hobgoblins
  3 kobolds
  A quokka (D:2)
  2 ball pythons
  2 bats
  5 frilled lizards
  3 rats
46 creatures vanquished.

Notes
Turn   | Place    | Note
-------+----------+-------------------------------------------
     0 | D:1      | poirepourri the Deep Dwarf Fighter began the quest for the
                  | Orb.
     0 | D:1      | Reached XP level 1. HP: 20/20 MP: 1/1
   285 | D:1      | Reached skill level 3 in Axes
   285 | D:1      | Reached XP level 2. HP: 17/27 MP: 2/2
   777 | D:2      | HP: 1/27 [gnoll/+0 whip (7)]
   781 | D:2      | Reached XP level 3. HP: 33/33 MP: 3/3
   782 | D:2      | Reached skill level 4 in Axes
  1564 | D:3      | Reached XP level 4. HP: 15/40 MP: 4/4
  1567 | D:3      | Reached skill level 5 in Axes
  1623 | D:3      | Reached XP level 5. HP: 14/46 MP: 5/5
  1625 | D:3      | Reached skill level 6 in Axes
  1651 | D:3      | Noticed an ice beast
  1663 | D:3      | HP: 2/46 [worm (3)]
  1664 | D:3      | Slain by an ice beast

Skill      XL: |  1  2  3  4  5 |
---------------+----------------+-----
Axes           | 3 4 5 6 |  6.0
Fighting       | |  2.6
Armour         | |  3.2
Shields        | |  3.2

Action                   |  1- 3 |  4- 6 || total
-------------------------+-------+-------++-------
Melee: War axe           |    60 |    47 ||   107
 Abil: Heal Wounds       |     1 |     2 ||     3
  Use: Scroll            |     6 |       ||     6
       Potion            |     3 |       ||     3
  Eat: Ration            |     1 |       ||     1
       Chunk             |     1 |       ||     1
Armor: Scale mail        |    23 |    20 ||    43
Dodge: Dodged            |    20 |     5 ||    25
Block: Shield            |    33 |    22 ||    55
